Map: Alcyone LE

Players

MVO

  • Race: Protoss Protoss
  • League: Platinum
  • Spawn Location: 1:00

TooMuch - Winner!

  • Race: Terran Terran
  • Spawn Location: 7:00

VOD

Have the link to the VOD?

Description

Time

  • Played on: June 27, 2024, 7:55 p.m.
  • Length: 13:47
Show
View Real Time Build Order
Export as new Build Order

MVO Protoss 

Build Orders: 1 Gate Expand, Oracle Opening 

Get SALT Encoding   

  12  0:01  Probe  
  13  0:13  Probe  
  14  0:21  Pylon  
  14  0:25  Probe  
  15  0:39  Probe  
  16  0:44  Gateway  
  16  0:53  Probe  
  16  0:55  Assimilator  
  17  1:05  Probe  
  18  1:17  Probe  
  19  1:29  Probe  
  20  1:39  Nexus  
  20  1:44  Cybernetics Core  
  20  1:47  Pylon  
  20  1:48  Probe  
  20  1:53  Pylon  
  21  2:01  Probe  
  22  2:05  Assimilator  
  22  2:13  Probe  
  22  2:14  Adept  
  23  2:20  Warp Gate (Chrono Boost)  
  23  2:25  Probe  
  26  2:37  Probe  
  26  2:42  Gateway  
  26  2:43  Gateway  
  27  2:49  Probe  
  28  3:02  Probe  
  29  3:14  Probe  
  29  3:17  Stargate  
  30  3:25  Twilight Council  
  30  3:26  Forge, Probe  
  31  3:30  Probe  
  32  3:38  Probe  
  33  3:42  Probe  
  34  3:50  Probe  
  33  3:57  Probe  
  33  3:58  Oracle (Chrono Boost)  
  33  4:00  Charge (Chrono Boost)  
  33  4:02  Probe  
  38  4:07  Stalker  
  38  4:08  Zealot x2  
  38  4:09  Probe  
  45  4:14  Probe  
  45  4:16  Assimilator  
  46  4:19  Pylon  
  46  4:21  Probe  
  47  4:35  Stalker x2  
  47  4:36  Zealot  
  53  4:40  Probe  
  53  4:43  Probe  
  55  4:52  Probe  
  56  4:55  Probe  
  57  5:16  Stalker x2  
  57  5:21  Pylon  
  61  5:23  Pylon  
  61  5:25  Probe  
  62  5:29  Pylon  
  62  5:31  Pylon, Assimilator  
  62  5:39  Probe x2  
  64  5:47  Gateway  
  64  5:48  Gateway x2  
  64  5:49  Gateway  
  64  5:51  Probe  
  65  6:10  Nexus  
  65  6:12  Pylon, Zealot x3  
  65  6:15  Phoenix  
  65  6:17  Protoss Ground Weapons Level 1  
  73  6:23  Probe  
  74  6:30  Pylon  
  74  6:34  Gateway  
  74  6:35  Gateway, Probe  
  74  6:37  Gateway  
  74  6:38  Shield Battery  
  75  6:42  Assimilator, Zealot  
  75  6:46  Assimilator  
  77  6:51  Stalker x2  
  77  6:52  Zealot  
  84  6:54  Probe  
  84  6:55  Probe  
  85  7:06  Probe  
  84  7:11  Stalker x2  
  88  7:17  Robotics Facility  
  88  7:19  Robotics Facility  
  88  7:22  Probe  
  89  7:25  Templar Archives  
  89  7:26  Probe x2  
  91  7:31  Pylon  
  91  7:34  Probe  
  91  7:35  Pylon  
  92  7:38  Probe  
  92  7:39  Probe  
  94  7:46  Probe  
  94  7:47  Phoenix  
  94  7:51  Probe  
  98  7:52  Zealot x3  
  98  7:54  Zealot  
  103  8:16  Stalker x2  
  103  8:17  Stalker  
  108  8:23  Pylon  
  108  8:26  Pylon  
  108  8:37  Probe x3  
  108  8:39  Photon Cannon  
  111  8:41  Photon Cannon  
  111  8:43  Zealot x3  
  111  8:45  Photon Cannon  
  117  8:49  Phoenix  
  117  8:52  Observer x2  
  121  9:05  Photon Cannon  
  121  9:08  Photon Cannon  
  117  9:11  Photon Cannon  
  117  9:14  Stalker x4  
  117  9:15  Stalker x3  
  84  9:36  Stalker x3  
  64  9:54  Stalker x3  
  64  9:55  Stalker x3  
  73  10:16  Gateway  
  73  10:17  Gateway  
  73  10:19  Probe x2  
  73  10:20  Gateway, Probe  
  76  10:21  Shield Battery, Gateway  
  76  10:25  Immortal, Shield Battery  
  80  10:31  Immortal, Probe  
  80  10:35  Zealot  
  87  10:36  Zealot  
  81  10:51  Zealot x4  
  81  10:52  Zealot  
  91  11:05  Zealot x2  
  95  11:16  Zealot x3  
  101  11:21  Nexus  
  101  11:22  Pylon  
  101  11:23  Immortal  
  105  11:30  Immortal  
  109  11:39  Zealot  
  111  11:40  Zealot x2  
  111  11:58  Phoenix  
  111  12:00  Stalker  
  111  12:01  Stalker, Zealot  
  117  12:02  Zealot  
  121  12:09  Immortal  
  125  12:18  Probe x2  
  125  12:19  Probe  
  128  12:23  Phoenix  
  128  12:25  Gateway  
  128  12:27  Gateway  
  130  12:30  Probe x2  
  130  12:31  Probe  
  130  12:32  Pylon  
  133  12:46  Stalker, Assimilator  
  133  12:48  Sentry x2, Assimilator  
  133  12:50  Pylon, High Templar  
  133  12:51  Pylon, High Templar x2  
  143  12:52  High Templar  
  143  12:53  High Templar  
  143  12:54  High Templar  
  143  12:55  Pylon, High Templar  
  143  12:56  High Templar  
  155  12:58  Archon x2  
  155  12:59  Archon  
  155  13:14  Probe x4  
  143  13:32  Zealot x6  
  143  13:33  Zealot x5  
  121  13:34  Zealot  
Show
View Real Time Build Order
Export as new Build Order

TooMuch Terran - Winner!

Build Orders: 2 Factory 

Get SALT Encoding   

  12  0:00  SCV  
  13  0:12  SCV  
  14  0:17  Supply Depot  
  14  0:24  SCV  
  15  0:39  SCV  
  15  0:40  Barracks  
  16  0:51  SCV  
  17  1:03  SCV  
  18  1:17  Command Center  
  18  1:23  Refinery  
  18  1:24  SCV  
  19  1:39  Supply Depot  
  19  1:42  Orbital Command  
  20  1:59  Barracks Tech Lab  
  19  2:09  Supply Depot  
  19  2:11  Refinery  
  19  2:13  SCV  
  22  2:25  SCV  
  23  2:31  SCV  
  23  2:35  Factory  
  22  2:37  SCV  
  23  2:44  Orbital Command  
  23  2:49  SCV  
  24  3:01  SCV  
  25  3:13  SCV x2  
  25  3:15  Factory  
  27  3:25  SCV x2  
  31  3:28  Hellion  
  31  3:33  Marauder  
  33  3:37  SCV  
  33  3:39  Ghost Academy, Supply Depot  
  34  3:50  Hellion  
  36  4:00  Factory Reactor  
  36  4:06  Starport  
  36  4:11  Hellion  
  38  4:18  Refinery  
  38  4:20  Armory  
  38  4:28  Supply Depot  
  38  4:29  Ghost  
  42  4:40  Hellion x2  
  42  4:43  Factory Tech Lab  
  44  4:47  Starport Tech Lab  
  44  4:50  Supply Depot  
  44  4:54  SCV  
  44  4:55  SCV  
  46  5:01  Cyclone x2  
  46  5:07  SCV x2  
  48  5:13  Supply Depot  
  46  5:19  SCV x2  
  48  5:31  SCV x2  
  48  5:35  Cyclone x3  
  56  5:41  Infernal Pre-Igniter  
  56  5:43  SCV x2  
  58  5:54  Banshee  
  58  5:55  SCV x2  
  63  6:05  Refinery  
  63  6:07  SCV x2  
  63  6:09  Ghost  
  67  6:19  SCV x2  
  67  6:24  Cyclone x2  
  73  6:31  SCV  
  74  6:34  Supply Depot  
  74  6:37  Terran Vehicle Weapons Level 1, Command Center, Supply Depot  
  74  6:42  Banshee  
  74  6:45  Hellbat  
  79  6:53  Ghost  
  81  6:56  Hellbat x2  
  85  7:06  Hellbat  
  87  7:18  Hellbat x2  
  87  7:22  Factory x2  
  91  7:23  Ghost  
  91  7:27  Hellbat  
  95  7:36  Banshee  
  98  7:37  SCV x2  
  100  7:49  Hellbat  
  102  7:53  Ghost, SCV x2, Hellbat x2  
  102  7:57  Supply Depot x2  
  110  7:58  Supply Depot  
  112  8:05  SCV x2  
  112  8:10  Hellbat  
  114  8:15  Hellbat  
  114  8:17  SCV  
  114  8:18  SCV  
  114  8:19  Hellbat  
  121  8:21  Orbital Command  
  120  8:29  SCV  
  120  8:30  Banshee, SCV  
  120  8:33  Factory Reactor, Factory Tech Lab  
  125  8:37  Ghost  
  125  8:40  Hellbat x2  
  125  8:41  Hellbat  
  133  8:42  SCV  
  133  8:43  SCV  
  135  8:50  SCV  
  135  8:54  SCV  
  135  8:55  SCV  
  138  9:02  Hellbat x2  
  139  9:03  SCV  
  139  9:06  SCV  
  139  9:07  SCV  
  139  9:15  SCV  
  140  9:20  Banshee  
  101  9:59  Ghost  
  93  10:01  Hellbat x4  
  93  10:02  Cyclone x2  
  93  10:03  Banshee  
  100  10:10  SCV x3  
  101  10:22  Cyclone x3, SCV  
  101  10:23  Cyclone  
  101  10:25  Refinery  
  101  10:27  Ghost  
  101  10:28  Refinery  
  112  10:34  Siege Tank x2  
  118  10:45  Banshee  
  121  10:54  Cyclone  
  121  10:56  Ghost  
  121  11:06  Command Center  
  121  11:07  Hyperflight Rotors  
  121  11:09  SCV x3  
  124  11:17  Cyclone x3  
  124  11:18  Cyclone x2  
  134  11:21  SCV x2  
  136  11:26  Cyclone  
  136  11:28  Banshee  
  141  11:59  Cyclone  
  140  12:05  Supply Depot x2  
  140  12:06  Supply Depot  
  140  12:17  Ghost, Banshee  
  140  12:18  Hellbat x5  
  155  12:26  SCV x3  
  155  12:28  Supply Depot  
  158  12:30  Orbital Command  
  158  12:31  Hellbat  
  160  12:38  SCV x3  
  160  12:39  Cyclone x2, Hellbat x3  
  173  12:45  Ghost  
  173  12:48  Factory  
  173  12:50  Factory, SCV x2  
  177  12:53  Cyclone  
  179  13:00  Cyclone x2, Banshee  
  179  13:01  Hellbat  
  188  13:25  Hellbat  
Tags
 
Add a new tag
Caveats
  • Supply blocks, unpowered buildings, or Contaminate may cause inaccurate times.
  • Supply counts are checked every 10 seconds.